 Dungeon Crawl Stone Soup version 0.25.1-2-g60ff931df9 (webtiles) character file.

Game seed: 13175089810547013696

321 Atelerd the Stinger (level 6, 0/39 HPs)
             Began as an Octopode Venom Mage on July 29, 2020.
             Was an Initiate of Sif Muna.
             Slain by a sky beast (5 damage)
             ... on level 4 of the Dungeon.
             The game lasted 00:05:07 (5526 turns).

Atelerd the Stinger (Octopode Venom Mage)           Turns: 5526, Time: 00:05:07

Health: 0/39       AC:  1    Str:  7    XL:     6   Next: 46%
Magic:  7/10       EV: 13    Int: 19    God:    Sif Muna [......]
Gold:   145        SH:  0    Dex: 13    Spells: 2/10 levels left

rFire    . . .     SeeInvis .   c - +0 short sword
rCold    . . .     Gourm    .   (no shield)
rNeg     . . .     Faith    .   (helmet restricted)
rPois    .         Spirit   .   (no amulet)
rElec    .         Reflect  .   (no ring)
rCorr    .         Harm     .   (no ring)
MR       .....                  (no ring)
Stlth    ++........             (no ring)
HPRegen  0.13/turn              (no ring)
MPRegen  0.12/turn              (no ring)
                                (no ring)
                                (no ring)

@: confused
A: almost no armour, stealthy swim, amphibious, 8 rings, constrict 8, camouflage
1, gelatinous body 1
a: Renounce Religion


You were on level 4 of the Dungeon.
You worshipped Sif Muna.
Sif Muna was noncommittal.
You were very hungry.

You visited 2 branches of the dungeon, and saw 6 of its levels.

You collected 145 gold pieces.

Inventory:

Hand Weapons
 c - a +0 short sword (weapon)
Jewellery
 d - an uncursed ring of fire
Wands
 o - a wand of enslavement (4)
Scrolls
 g - 3 scrolls of remove curse {unknown}
 m - 2 scrolls of magic mapping
 n - 3 scrolls of blinking
Potions
 a - a potion of resistance
 f - 2 potions of curing {unknown}
 h - a potion of heal wounds
 i - a potion of degeneration {unknown}
 j - a potion of flight {unknown}
 k - a potion of brilliance {unknown}
Comestibles
 b - 6 rations


   Skills:
 + Level 1.9 Fighting
 - Level 2.0 Dodging
 + Level 4.5 Stealth
 + Level 2.9 Spellcasting
 + Level 2.4 Transmutations
 - Level 2.0 Air Magic
 * Level 5.5 Poison Magic


You had 2 spell levels left.
You knew the following spells:

 Your Spells              Type           Power        Failure   Level  Hunger
a - Sting                 Tmut/Pois      ###.         3%          1    None
b - Mephitic Cloud        Conj/Pois/Air  ##......     17%         3    ###....
c - Olgreb's Toxic Radia  Pois           ###.....     16%         4    ####...

Your spell library contained the following spells:

 Spells                   Type           Power        Failure   Level  Hunger
 Poisonous Vapours        Pois/Air       ###...       4%          2    ##.....
 Ignite Poison            Fire/Tmut/Pois ##......     16%         3    ###....


Dungeon Overview and Level Annotations

Branches:
Dungeon (5/15)             Temple (1/1) D:4

Altars:
Elyvilon
Fedhas
Gozag
Hepliaklqana
Kikubaaqudgha
Makhleb
Nemelex Xobeh
Ru
Sif Muna
Trog
Uskayaw
Vehumet
Wu Jian
Xom
Yredelemnul
Zin
The Shining One


Innate Abilities, Weirdness & Mutations

You cannot wear most types of armour.
You are very stealthy in the water. (Stealth+)
You are amphibious.
You can wear up to eight rings at the same time.
You can use your tentacles to constrict eight enemies at once.
Your skin changes colour to match your surroundings (Stealth+).
Your rubbery body absorbs attacks. (AC +1, EV +1)


Message History

The spell is quite dangerous to cast (17% risk of failure)!
Continue anyway?
Aiming: Mephitic Cloud (quite dangerous; 17% risk of failure)
Press: ? - help, Shift-Dir - straight line The ball explodes into a vile cloud!
The stinking cloud engulfs something but does no damage.
The stinking cloud engulfs you but does no damage.
You are engulfed in noxious fumes.
You hit something.
You are engulfed in noxious fumes.
You choke on the stench!
You are confused.
Something hits you. Something shocks you.
You are engulfed in noxious fumes.
You choke on the stench!
You are more confused.
Something hits you. Something shocks you.
* * * LOW HITPOINT WARNING * * *
Unknown command.
You are engulfed in noxious fumes.
You choke on the stench!
You are more confused.
* * * LOW HITPOINT WARNING * * *
Something hits you.
You die...

####.##.# #.#
#.##.##.###
.....##.########.#
#.##.......
#######.......##.#
#.......###
#######.##.#
#########
#.##.################
#....................
####.################
#○############
#@°○.)....>..#
############.#####
#...... #######


There were no monsters in sight!

Vanquished Creatures
  A scorpion (D:4)
  A crimson imp (D:4)
  An orc priest (D:4)
  An orc wizard (D:4)
  A worker ant (D:3)
  6 adders
  2 oozes
  2 worms (D:2)
  A dart slug (D:4)
  2 leopard geckos
  14 orcs
  4 giant cockroaches
  3 goblins (D:2)
  5 hobgoblins
  9 jackals
  A quokka (D:2)
  A ball python (D:2)
  5 bats
  4 frilled lizards
  8 kobolds
  9 rats
81 creatures vanquished.

Vanquished Creatures (collateral kills)
  A leopard gecko skeleton (D:4)
1 creature vanquished.

Vanquished Creatures (others)
  A giant cockroach (D:4)
1 creature vanquished.

Grand Total: 83 creatures vanquished

Notes
Turn   | Place    | Note
-------+----------+-------------------------------------------
     0 | D:1      | Atelerd the Octopode Venom Mage began the quest for the
                  | Orb.
     0 | D:1      | Reached XP level 1. HP: 11/11 MP: 3/3
   354 | D:1      | Reached XP level 2. HP: 7/17 MP: 0/5
   765 | D:1      | Reached skill level 4 in Poison Magic
  1438 | D:2      | Reached XP level 3. HP: 21/21 MP: 6/6
  1443 | D:2      | Learned a level 3 spell: Mephitic Cloud
  1492 | D:2      | Found a burning altar of Makhleb.
  1497 | D:2      | Found a glowing silver altar of Zin.
  1497 | D:2      | Noticed an angel
  1498 | D:2      | Noticed a cacodemon
  1823 | D:2      | Found a faded altar of an unknown god.
  2163 | D:3      | Reached skill level 1 in Air Magic
  2163 | D:3      | Reached XP level 4. HP: 23/27 MP: 7/7
  2248 | D:3      | Found an ancient bone altar of Kikubaaqudgha.
  2712 | D:3      | Reached XP level 5. HP: 20/32 MP: 0/8
  2857 | D:3      | Learned a level 4 spell: Olgreb's Toxic Radiance
  3196 | D:3      | Reached skill level 1 in Fighting
  3234 | D:3      | Found a white marble altar of Elyvilon.
  3261 | D:3      | Found an opulent altar of Gozag.
  4155 | D:4      | Reached skill level 5 in Poison Magic
  4556 | D:4      | Found a sacrificial altar of Ru.
  4568 | D:4      | Reached XP level 6. HP: 27/39 MP: 8/10
  4583 | D:4      | HP: 1/39 [orc (4)]
  4836 | D:4      | Found a staircase to the Ecumenical Temple.
  4872 | Temple   | Entered the Ecumenical Temple
  4939 | Temple   | Became a worshipper of Sif Muna the Loreminder
  5286 | D:5      | Entered Level 5 of the Dungeon
  5345 | D:5      | Noticed a sky beast
  5526 | D:4      | Slain by a sky beast

Illustrated notes

Levels and vault maps discovered:
D:1:      co_arrival_random_square_maze, layout_loops_ring,
          chequers_serial_rivers_small_a
D:2:      layout_loops_ring, grunt_temple_overflow_order_and_chaos_2,
          chequers_ecumenical_altar_simple_redux
D:3:      layout_loops_cross, elyvilon_altar_1, kiku_gazebo_pond_becter,
          serial_rivers, chequers_serial_rivers_large_a,
          chequers_serial_rivers_room_a, chequers_serial_rivers_micro_d,
          chequers_serial_rivers_micro_b, first_ration, grunt_gozag_statues
D:4:      layout_loops_ring, nicolae_ru_awakened_eye, minmay_temple_entry_glass
D:5:      layout_gridville, uniq_prince_ribbit1
Temple:   nicolae_temple_x_marks_the_god

Skill      XL: |  1  2  3  4  5 |
---------------+----------------+-----
Stealth        | 3 4 |  4.5
Poison Magic   | 4 5 |  5.5
Air Magic      | 1 2 |  2.0
Fighting       | 1 |  1.9
Transmutations | 2 |  2.4
Dodging        | |  2.0
Spellcasting   | |  2.9

Action                   |  1- 3 |  4- 6 || total
-------------------------+-------+-------++-------
Melee: Short sword       |    70 |    80 ||   150
       Unarmed           |     4 |       ||     4
       Tentacles         |     6 |    18 ||    24
       Constrict         |    19 |    20 ||    39
 Cast: Sting             |    12 |    53 ||    65
       Mephitic Cloud    |       |     1 ||     1
Evoke: Wand              |       |     3 ||     3
  Use: Potion            |       |     2 ||     2
       Scroll            |       |     3 ||     3
 Stab: Sleeping          |    13 |     4 ||    17
       Distracted        |       |     1 ||     1
  Eat: Chunk             |     4 |     6 ||    10
       Ration            |       |     1 ||     1
Armor: Skin              |     2 |     4 ||     6
Dodge: Dodged            |    46 |    75 ||   121
